 Dungeon Crawl Stone Soup version 0.17-a0-1403-g9df874c (webtiles) character file.

3466 Frelus the Carver (level 9, -33/82 HPs)
             Began as a Minotaur Berserker on June 20, 2015.
             Was a High Priest of Trog.
             Annihilated by a titanic slime creature (44 damage)
             ... on level 8 of the Dungeon.
             The game lasted 00:16:02 (7123 turns).

Frelus the Carver (Minotaur Berserker)              Turns: 7123, Time: 00:16:03

Health: -33/82     AC: 20    Str: 21    XL:     9   Next: 78%
Magic:  8/8        EV:  7    Int:  4    God:    Trog [*****.]
Gold:   281        SH:  0    Dex: 14    Spells: 0 memorised, 8 levels left

rFire  + . .     SeeInvis .     x - +2 falchion (holy)
rCold  . . .     Clarity  .     n - +1 plate armour
rNeg   . . .     SustAt   .     (no shield)
rPois  .         Gourm    .     (helmet restricted)
rElec  .         Spirit   .     I - +1 cloak
rCorr  .         Warding  .     G - +0 pair of gloves
rMut   +         Stasis   .     N - +0 pair of boots (curse)
MR     ++...                    O - amulet of resist mutation
Stlth  ..........               (no ring)
                                M - ring of protection from fire

@: exhausted, starving, regenerating, slowed, very slow, very resistant to
hostile enchantments, extremely unstealthy
A: retaliatory headbutt, horns 2
a: Burn Spellbooks, Berserk, Trog's Hand, Brothers in Arms, Renounce Religion


You were on level 8 of the Dungeon.
You worshipped Trog.
Trog was extremely pleased with you.
You were starving.

You visited 1 branch of the dungeon, and saw 8 of its levels.

You collected 407 gold pieces.
You spent 126 gold pieces at shops.

Inventory:

Hand weapons
 a - a +0 falchion
 f - a +0 shortbow
 x - a +2 falchion of holy wrath (weapon)
Missiles
 g - 5 javelins of returning (quivered)
 h - 45 arrows
 S - 8 poisoned arrows
Armour
 b - a +0 animal skin
 n - a +1 plate armour (worn)
 w - a +0 cloak
 F - the +3 robe of Modesty {*Drain rPois rF- MR+++}
   (You found it on level 5 of the Dungeon)

   It makes you vulnerable to fire.
   It protects you from poison.
   It affects your resistance to hostile enchantments.
   It causes draining when unequipped.
 G - a +0 pair of gloves (worn)
 I - a +1 cloak (worn)
 N - a cursed +0 pair of boots (worn)
Jewellery
 M - a ring of protection from fire (left hand)
 O - an amulet of resist mutation (around neck)
 P - an uncursed amulet of stasis
Magical devices
 r - a wand of digging (12)
 t - a wand of random effects (34)
 C - a wand of polymorph (15)
Scrolls
 e - 4 scrolls of fear
 p - 2 scrolls of enchant weapon
 y - 2 scrolls of recharging
 J - a scroll of identify
 K - a scroll of remove curse
 L - 3 scrolls of magic mapping
Potions
 d - 2 potions of lignification {unknown}
 j - a potion of invisibility {unknown}
 k - 6 potions of ambrosia
 m - 4 potions of heal wounds
 o - 3 potions of poison
 q - 5 potions of curing
 u - 3 potions of degeneration
 v - 2 potions of might
 z - 4 potions of haste
 A - a potion of magic {unknown}
 B - a potion of berserk rage
 D - a potion of cure mutation {unknown}
 H - a potion of flight {unknown}
 R - a potion of brilliance {unknown}
Comestibles
 c - 4 bread rations
 i - 3 meat rations
 l - a royal jelly
 s - a slice of pizza
 E - a fruit
 Q - a beef jerky


   Skills:
 + Level 8.9 Fighting
 - Level 12.4 Long Blades
 + Level 8.5 Armour
 - Level 2.1 Dodging


You had 8 spell levels left.
You didn't know any spells.

Dungeon Overview and Level Annotations

Branches:
Dungeon (8/15)             Temple (0/1) D:7
   Lair: D:8-11

Altars:
Ashenzari
Cheibriados
Dithmenos
Fedhas
Makhleb
Okawaru
Ru
Trog
Xom
Yredelemnul
Zin

Shops:
D:6 [

Annotations:
D:1 exclusion: downstairs


Innate Abilities, Weirdness & Mutations

You reflexively headbutt those who attack you in melee.
You have a pair of horns on your head.


Message History

Two slime creatures merge to form a titanic slime creature.
You slash the titanic slime creature!
The titanic slime creature is heavily wounded.
The titanic slime creature hits you!!!!
Ouch! That really hurt!
* * * LOW HITPOINT WARNING * * *
You feel a strong urge to attack something.
You are no longer berserk.
You are exhausted.
You feel yourself slow down.
You are near starving!
You feel sick.
You are no longer poisoned.
Use which ability? (? or * to list)
Your skin crawls.
You feel resistant to hostile enchantments.
You are starving!
The titanic slime creature hits you!!!
Ouch! That really hurt!
You die...

###################
#..................
#####.#################
...#.#[...........#
#####.#.#.####<#####.#
#>......@......# #.#
#.###.#J#.###..## #.#
#.###.#.#.......####.####
#........................
#.###.#..........###.###.
###[......##...# #.# #.
#.........#....# #.# #.
#.#.......#....# #.###.
#.#.......#....###...†.


You could see a titanic slime creature.

Vanquished Creatures
  Pikel (D:5)
  Menkaure (D:6)
  A necrophage (D:8)
  3 ice beasts
  2 phantoms
  2 centaurs
  A sky beast (D:5)
  2 ogres
  Blork the orc (D:6)
  4 giant frogs
  4 scorpions
  2 giant frog zombies
  A quasit (D:6)
  2 crimson imps
  9 orc priests
  A giant frog skeleton (D:5)
  3 hounds
  Crazy Yiuf (D:6)
  A centaur skeleton (D:7)
  4 iguanas
  9 orc wizards
  7 worker ants
  A hound skeleton (D:8)
  A worker ant zombie (D:7)
  6 gnolls
  6 adders
  A shadow imp (D:7)
  2 oozes (D:1)
  An adder skeleton (D:6)
  An adder zombie (D:6)
  3 worms (D:2)
  5 giant geckos
  22 orcs
  A bat skeleton (D:6)
  2 bat zombies
  3 giant cockroaches
  11 hobgoblins
  7 jackals
  A ball python (D:1)
  13 bats
  A giant gecko zombie (D:5)
  4 giant newts
  13 goblins
  A jackal skeleton (D:7)
  15 kobolds
  2 quokkas
  A quokka skeleton (D:7)
  9 rats
195 creatures vanquished.

Vanquished Creatures (others)
  A gnoll (D:5)
  An adder (D:5)
  A hobgoblin (D:5)
3 creatures vanquished.

Grand Total: 198 creatures vanquished

Notes
Turn   | Place    | Note
--------------------------------------------------------------
     0 | D:1      | Frelus the Minotaur Berserker began the quest for the Orb.
     0 | D:1      | Reached XP level 1. HP: 19/19 MP: 0/0
   139 | D:1      | Reached skill level 4 in Long Blades
   203 | D:1      | Reached XP level 2. HP: 15/26 MP: 1/1
   356 | D:1      | Reached skill level 5 in Long Blades
   582 | D:1      | Reached XP level 3. HP: 25/31 MP: 2/2
   681 | D:1      | Acquired Trog's second power
  1304 | D:2      | Reached XP level 4. HP: 36/39 MP: 3/3
  1333 | D:2      | Found a bloodstained altar of Trog.
  1341 | D:2      | Found an iron altar of Okawaru.
  1399 | D:2      | Reached skill level 6 in Long Blades
  1957 | D:3      | Reached skill level 7 in Long Blades
  1957 | D:3      | Reached XP level 5. HP: 35/45 MP: 4/4
  1977 | D:3      | Found a shattered altar of Ashenzari.
  2596 | D:3      | Reached skill level 8 in Long Blades
  2720 | D:4      | Noticed an ogre
  2725 | D:4      | Killed an ogre
  2725 | D:4      | Reached XP level 6. HP: 51/51 MP: 5/5
  2746 | D:4      | Reached skill level 9 in Long Blades
  3309 | D:4      | Found a blossoming altar of Fedhas.
  3309 | D:4      | Found a sacrificial altar of Ru.
  3369 | D:4      | Reached XP level 7. HP: 57/57 MP: 6/6
  3524 | D:4      | Reached skill level 10 in Long Blades
  3713 | D:4      | Acquired Trog's third power
  3869 | D:5      | Entered Level 5 of the Dungeon
  3873 | D:5      | Got a faintly glowing robe
  3910 | D:5      | Identified the +3 robe of Modesty {*Drain rPois rF- MR+++} (You found it on level 5 of the Dungeon)
  4052 | D:5      | Noticed Pikel
  4063 | D:5      | Killed Pikel
  4063 | D:5      | Reached skill level 12 in Long Blades
  4063 | D:5      | Reached XP level 8. HP: 21/64 MP: 7/7
  4322 | D:5      | Reached skill level 5 in Fighting
  4684 | D:5      | Found a basalt altar of Yredelemnul.
  4894 | D:6      | Noticed Blork the orc
  4932 | D:6      | Reached skill level 5 in Armour
  5075 | D:6      | Reached XP level 9. HP: 71/75 MP: 8/8
  5098 | D:6      | Noticed Menkaure
  5098 | D:6      | Killed Blork the orc
  5107 | D:6      | Killed Menkaure
  5460 | D:6      | Noticed Crazy Yiuf
  5462 | D:6      | Killed Crazy Yiuf
  5556 | D:6      | Found Faulicwi's Antique Armour Emporium.
  5575 | D:6      | Bought a glowing cloak for 126 gold pieces
  5837 | D:6      | Found a snail-covered altar of Cheibriados.
  6073 | D:7      | Found a staircase to the Ecumenical Temple.
  6148 | D:7      | Found a glowing silver altar of Zin.
  6148 | D:7      | Found a shadowy altar of Dithmenos.
  6201 | D:7      | Found a shimmering altar of Xom.
  6201 | D:7      | Found a burning altar of Makhleb.
  6717 | D:8      | Found an iron altar of Okawaru.
  7123 | D:8      | Annihilated by a titanic slime creature

Vault maps used:
D:1:      lightli_arrival_maybe_door_vault
D:2:      minitemple, first_bread
D:3:      mumra_celtic_spiral_tile, ashenzari_conservatory_becter
D:4:      gammafunk_temple_overflow_wave, serial_curves, eino_curves_01,
          eino_curves_02
D:5:      kennysheep_little_box, grunt_ministairs_10, nrook_pool_corridor,
          uniq_pikel
D:6:      nicolae_overflow_crystal_walls, serial_shops, shop,
          hangedman_decor_slide_cut, minmay_misc_feat_hallway,
          uniq_blork_the_orc, uniq_menkaure, uniq_crazy_yiuf_cottage
D:7:      grunt_temple_overflow_champion_of_chaos,
          gammafunk_temple_overflow_statue, minmay_temple_entry_crystal_x,
          kennysheep_generic_room_11
D:8:      okawaru_trees_1

Action                   |  1- 3 |  4- 6 |  7- 9 || total
-------------------------+-------+-------+-------++-------
Melee: Falchion          |    81 |   169 |   338 ||   588
Throw: Javelin           |     8 |       |       ||     8
Invok: Berserk           |     2 |       |     1 ||     3
       Burn Spellbooks   |       |       |     1 ||     1
       Trog's Hand       |       |       |     1 ||     1
  Use: Potion            |     1 |       |       ||     1
       Scroll            |       |       |    19 ||    19
  Eat: Chunk             |     3 |     7 |    11 ||    21
